 Dungeon Crawl Stone Soup version 0.31.0-32-g396128a36d (webtiles) character file.

Game seed: 18215025056998481898

5716 Alphaeus the Grappler (level 10, -3/96 HPs)
             Began as a Troll Shapeshifter on Mar 19, 2024.
             Was a High Priest of Wu Jian.
             Slain by a two-headed ogre
             ... wielding a +0 giant spiked club
              (25 damage)
             ... on level 8 of the Dungeon.
             The game lasted 00:08:55 (6352 turns).

Alphaeus the Grappler (Troll Shapeshifter)          Turns: 6352, Time: 00:08:56

Health: -3/96      AC:  4    Str: 28    XL:     10   Next: 48%
Magic:  0/9        EV: 11    Int:  6    God:    Wu Jian [*****.]
Gold:   463        SH:  0    Dex:  9    Spells: 9/9 levels left

rFire   + .          .
                       - Unarmed
rCold   . . .        (no shield)
rNeg    . . .        a - +0 animal skin
rPois   .            (helmet currently unavailable)
rElec   .            (cloak currently unavailable)
rCorr   .            (gloves unavailable)
SInv    .            (boots unavailable)
Will    .....        C - amulet of guardian spirit
Stlth   +            n - ring of protection from fire
HPRegen 1.16/turn    (no ring)
MPRegen 0.11/turn

%: guardian spirit
@: about to teleport, beast-form
A: beast (slay +4), large, unfitting armour, claws 3, regeneration 1, shaggy fur
1, tough skin 1
a: Begin Untransformation, Renounce Religion, Wall Jump, Serpent's Lash,
Heavenly Storm


You were on level 8 of the Dungeon.
You worshipped Wu Jian.
Wu Jian was extremely pleased with you.
You were a hulking beast.
You visited 2 branches of the dungeon, and saw 11 of its levels.
You also visited: Ossuary.

You collected 489 gold pieces.
You spent 26 gold pieces at shops.

Inventory:

Hand Weapons
 c - a +0 demon blade
Armour
 a - a +0 animal skin (worn)
Jewellery
 m - a ring of fire
 n - a ring of protection from fire (left claw)
 C - an amulet of guardian spirit (around neck)
Talismans
 d - a flux talisman
 l - a serpent talisman
 B - a beast talisman (active)
 D - a blade talisman
Wands
 v - a wand of paralysis (24)
 y - a wand of digging (7)
Scrolls
 e - 4 scrolls of revelation
 f - 6 scrolls of poison
 g - a scroll of fog {unknown}
 h - 8 scrolls of identify
 i - a scroll of brand weapon {unknown}
 j - 6 scrolls of teleportation
 p - 5 scrolls of fear {unknown}
 r - a scroll of noise {unknown}
 s - a scroll of summoning {unknown}
 t - a scroll of immolation {unknown}
 x - a scroll of vulnerability {unknown}
 z - a scroll of enchant weapon {unknown}
Potions
 b - 3 potions of lignification
 k - 3 potions of haste {unknown}
 o - 2 potions of heal wounds
 q - 9 potions of curing {unknown}
 u - a potion of enlightenment {unknown}
 w - a potion of might {unknown}
 A - a potion of cancellation {unknown}


   Skills:
 + Level 5.2 Fighting
 + Level 5.4 Dodging
 * Level 9.8 Unarmed Combat
 * Level 9.1 Shapeshifting


You had 9 spell levels left.
You didn't know any spells.
Your spell library contained the following spells:

 Spells                   Type           Power      Damage    Failure   Level
 Apportation              Tloc           0%         N/A       45%         1
 Necrotise                Necr           0%         1d4       45%         1
 Sting                    Conj/Alch      0%         1d3       45%         1
 Summon Small Mammal      Summ           0%         N/A       45%         1
 Jinxbite                 Hex            0%         N/A       58%         2
 Mercury Vapours          Alch/Air       0%         N/A       58%         2
 Frozen Ramparts          Ice            0%         1d1       83%         3
 Mephitic Cloud           Conj/Alch/Air  0%         N/A       83%         3
 Leda's Liquefaction      Alch/Erth      0%         N/A       99%         4
 Petrify                  Alch/Erth      0%         N/A       99%         4
 Freezing Cloud           Conj/Ice/Air   0%         6-21      100%        5
 Metabolic Englaciation   Hex/Ice        0%         N/A       100%        5
 Yara's Violent Unravell  Hex/Alch       0%         3d3       100%        5
 Enfeeble                 Hex            0%         N/A       100%        7
 Haunt                    Necr/Summ      0%         N/A       100%        7
 Borgnjor's Revivificati  Necr           0%         N/A       100%        8
 Death's Door             Necr           0%         N/A       100%        9


Dungeon Overview and Level Annotations

Branches:
Dungeon (10/15)            Temple (1/1) D:6         Ossuary (visited)
   Lair: D:8-11         Orc: D:9-12

Altars:
Ashenzari
Cheibriados
Dithmenos
Elyvilon
Fedhas
Gozag
Hepliaklqana
Makhleb
Nemelex Xobeh
Okawaru
Qazlal
Ru
Sif Muna
Trog
Uskayaw
Vehumet
Wu Jian
Xom
Zin
The Shining One

Shops:
D:4 [   D:10 *


Innate Abilities, Weirdness & Mutations

You are a hulking beast.
Your limbs bulge with bestial killing power. (Slay +4)
You are too large for most types of armour.
You have claws for hands.
Your natural rate of healing is unusually fast.
You are covered in fur. (AC +1)
You have tough skin. (AC +1)


Message History

Magic restored.
HP restored.
You open the large door.
There is a large open door here.
A two-headed ogre comes into view.
It is wielding the +10 dark maul {heavy} and a +0 giant spiked club.
The two-headed ogre shouts in stereo!
You hear two shouts!
A two-headed ogre comes into view.
It is wielding a +0 giant spiked club and a +0 giant club.
A two-headed ogre comes into view.
It is wielding two +0 giant spiked clubs.
Found 2 scrolls labelled FOGRIH AMOEPP and a scroll labelled VYLISO NUAXI.
There is a large open door here.
Aiming: Paralyse
Press: ? - help, Shift-Dir - straight line, f - two-headed ogre
Aim: a two-headed ogre, wielding the +10 dark maul {heavy} and a +0 giant spiked club (chance to affect: 31%)
The two-headed ogre easily resists.
You claw the two-headed ogre!
The two-headed ogre is moderately wounded.
You claw the two-headed ogre! x2
The two-headed ogre is severely wounded.
The two-headed ogre closely misses you.
The two-headed ogre hits you with a +0 giant spiked club!
You claw the two-headed ogre!
The two-headed ogre is almost dead.
You claw the two-headed ogre!
You kill the two-headed ogre!
The Council accepts your kill.
Your Shapeshifting skill increases to level 9!
The air fills with toxic fumes!
As you read the scroll labelled WUQAUPT OVADUH, it crumbles to dust.
It was a scroll of poison.
The two-headed ogre hits you with a +0 giant spiked club!!
The two-headed ogre hits you with a +0 giant club!!
The two-headed ogre hits you with a +0 giant spiked club!! x2
* * * LOW HITPOINT WARNING * * *
You feel much better. The two-headed ogre misses you.
The two-headed ogre hits you with a +0 giant club!
* * * LOW HITPOINT WARNING * * *
As you read the scroll labelled VYLISO NUAXI, it crumbles to dust.
You feel strangely unstable.
It was a scroll of teleportation.
The two-headed ogre hits you with a +0 giant spiked club!!
You die...

.....####....#.....?..
...### #.....#§....... ...#
###...###§.......
...###.).### #§#######.
.........# #§§.......
....###.## #§§.......#####
....###.####.#§§########...#
.............#§§O§§§§§§§.#.#
.........#####§Oh§§§§§§§.#.#
........## ###########...#
.........### #...........#
...........# ##.....######
........##.## #......##
............# #....†..#
........#.#.####......>#
..#...(................#
#...#.................##


You could see 2 two-headed ogres.

Vanquished Creatures
  3 two-headed ogres (D:8)
  Maurice (D:7)
  Psyche (D:8)
  A steam dragon (D:6)
  Edmund (D:4)
  2 water moccasins
  An orc warrior (D:7)
  A sky beast (D:6)
  2 ice beasts
  An ogre (D:5)
  A black bear (D:4)
  2 phantoms
  2 kobold brigands
  3 elf zombies (Ossuary)
  4 bullfrogs
  4 wights (D:8)
  3 howler monkeys (D:7)
  3 bombardier beetles
  A centaur zombie (Ossuary)
  5 orc priests
  8 hounds
  A human zombie (Ossuary)
  A jelly (D:6)
  A gnoll bouda (D:7)
  7 iguanas
  5 orc wizards
  5 hound zombies (Ossuary)
  2 mummies (Ossuary)
  5 adders
  4 gnolls (D:7)
  A shadow imp (D:8)
  2 white imps (D:7)
  3 adder zombies (Ossuary)
  4 dart slugs
  8 ribbon worms
  31 orcs
  10 bats
  6 endoplasms
  A giant cockroach (D:3)
  8 gnoll zombies (Ossuary)
  6 goblins
  6 hobgoblins
  4 jackals
  4 quokkas
  4 ball pythons
  3 frilled lizards
  6 jackal zombies (Ossuary)
  18 kobolds
  5 kobold zombies (Ossuary)
  5 orc zombies (Ossuary)
  4 rats
  A butterfly (D:6)
221 creatures vanquished.

Notes
Turn   | Place    | Note
-------+----------+-------------------------------------------
     0 | D:1      | Alphaeus the Troll Shapeshifter began the quest for the
                  | Orb.
     0 | D:1      | Reached XP level 1. HP: 18/18 MP: 0/0
    68 | D:1      | Reached skill level 1 in Fighting
    78 | D:1      | Found a faded altar of an unknown god.
    85 | D:1      | Reached XP level 2. HP: 16/27 MP: 1/1
   127 | D:1      | Prayed at the altar of an unknown god.
   127 | D:1      | Became a worshipper of the Wu Jian Council
   127 | D:1      | Reached * piety under Wu Jian
   843 | D:2      | Reached XP level 3. HP: 21/33 MP: 2/2
  1032 | D:2      | Reached ** piety under Wu Jian
  1200 | D:2      | Reached XP level 4. HP: 18/41 MP: 3/3
  1755 | D:3      | Reached XP level 5. HP: 18/48 MP: 4/4
  1938 | D:3      | Reached *** piety under Wu Jian
  2164 | D:3      | Found a snail-covered altar of Cheibriados.
  2594 | D:4      | Noticed Edmund
  2606 | D:4      | Killed Edmund
  2607 | D:4      | Reached XP level 6. HP: 32/57 MP: 5/5
  2610 | D:4      | Reached skill level 5 in Unarmed Combat
  2671 | D:4      | Found Ycunt's Antique Armour Emporium.
  2744 | D:4      | Reached XP level 7. HP: 66/66 MP: 6/6
  2849 | D:4      | Reached skill level 5 in Shapeshifting
  3081 | D:5      | Entered Level 5 of the Dungeon
  3161 | D:5      | Reached XP level 8. HP: 73/75 MP: 7/7
  3187 | D:5      | Reached **** piety under Wu Jian
  3434 | D:5      | Found a sand-covered staircase.
  3439 | Ossuary  | Entered an ossuary
  4269 | D:6      | Found a staircase to the Ecumenical Temple.
  4290 | Temple   | Entered the Ecumenical Temple
  4377 | D:6      | Found a sparkling altar of Nemelex Xobeh.
  4615 | D:6      | Reached XP level 9. HP: 77/84 MP: 8/8
  4840 | D:6      | Reached ***** piety under Wu Jian
  5088 | D:7      | Noticed Maurice
  5091 | D:7      | Paralysed by Maurice for 2 turns
  5096 | D:7      | Maurice stole a beast talisman
  5099 | D:7      | Maurice stole a ring of fire
  5100 | D:7      | Maurice stole 281 gold
  5110 | D:7      | Paralysed by something for 5 turns
  5120 | D:7      | Killed Maurice
  5381 | D:7      | You fall into a shaft and drop 3 floors!
  5381 | D:10     | Entered Level 10 of the Dungeon
  5399 | D:10     | Found Caem's General Store.
  5408 | D:10     | Bought a scroll of identify for 26 gold pieces
  5467 | D:8      | Noticed Psyche
  5476 | D:8      | Paralysed by Psyche for 5 turns
  5497 | D:8      | Killed Psyche
  5579 | D:8      | Noticed a two-headed ogre
  5583 | D:8      | Killed a two-headed ogre
  5584 | D:8      | Reached skill level 5 in Dodging
  5584 | D:8      | Reached XP level 10. HP: 86/94 MP: 9/9
  6274 | D:8      | Noticed a two-headed ogre
  6280 | D:8      | Killed a two-headed ogre
  6281 | D:8      | Reached skill level 5 in Fighting
  6337 | D:8      | Noticed a two-headed ogre
  6337 | D:8      | Noticed a two-headed ogre
  6337 | D:8      | Noticed a two-headed ogre
  6349 | D:8      | Killed a two-headed ogre
  6352 | D:8      | Slain by a two-headed ogre

Illustrated notes

Levels and vault maps discovered:
D:1:      dpeg_arrival_shrine, layout_basic,
          shapermc_ecumenical_altar_notcrosses, chequers_serial_rivers_micro_a,
          st_stairs_8, minmay_misc_feat_x, minivault_25, minmay_pentomino_z4
D:2:      layout_loops_cross
D:3:      layout_basic, cheibrodos_worm_habitat
D:4:      layout_cave_pools, nicolae_stop_n_shop_1, reono_crystal_passage,
          uniq_edmund
D:5:      layout_cave_pods, nicolae_ossuary_entry_false_entrances,
          minmay_increasing_density
D:6:      layout_gridville, nemelex_spade_bored_becter,
          minmay_temple_entry_butterflies
D:7:      layout_cave_pods, uniq_maurice
D:8:      layout_rooms, hangedman_abyss_or_decor_passed,
          hellmonk_guarded_unrand_dark_maul, uniq_psyche
D:9:      minmay_the_grid_octo_triangle [minmay_the_grid_octo_shrine,
          minmay_the_grid_octo_prize_square_snowflake,
          minmay_the_grid_octo_vomiting_pacman], layout_layer_cave,
          kennysheep_mini_moat, lair_entry_dummy, uniq_jeremiah
D:10:     layout_rooms, nicolae_overflow_crystal_walls, enter_bailey_6,
          serial_shops, shop, serial_glass, glass_columns_b, glass_columns_a,
          uniq_gastronok
Temple:   regret_index_temple_mists

Skill      XL: |  1  2  3  4  5  6  7  8  9 10 |
---------------+-------------------------------+-----
Fighting       | 1 2 3 4 5 |  5.2
Unarmed Combat | 4 5 6 7 9 |  9.8
Dodging        | 2 3 4 5 |  5.4
Shapeshifting  | 4 5 7 8 9 |  9.1

Action                     |  1- 3 |  4- 6 |  7- 9 | 10-12 || total
---------------------------+-------+-------+-------+-------++-------
  Melee: Unarmed           |   108 |   104 |   352 |    33 ||   597
         Punch             |       |     2 |    13 |     2 ||    17
Ability: Lunge             |    17 |    14 |    29 |     6 ||    66
         Whirlwind         |       |     3 |     4 |       ||     7
  Evoke: Wand              |       |       |       |     1 ||     1
    Use: Potion            |       |       |     3 |     1 ||     4
         Scroll            |       |       |     1 |     2 ||     3
   Stab: Sleeping          |       |     1 |       |       ||     1
 Armour: Skin              |    38 |       |   103 |       ||   141
         Animal skin       |       |    66 |   223 |    25 ||   314
  Dodge: Dodged            |    60 |    44 |   136 |    14 ||   254
   Form: Flux              |     1 |       |       |       ||     1
         Beast             |       |     1 |       |       ||     1
